 Dungeon Crawl Stone Soup version 0.18-a0-1782-gb76a692 (webtiles) character file.

1884 epen the Schismatic (level 8, 0/57 (58) HPs)
             Began as a Demonspawn Abyssal Knight on Apr 17, 2016.
             Was an Elder of Lugonu.
             Killed by nerve-wracking pain
             ... invoked by a shadow imp
              (6 damage)
             ... on level 7 of the Dungeon.
             The game lasted 00:15:30 (5820 turns).

epen the Schismatic (Demonspawn Abyssal Knight)     Turns: 5820, Time: 00:15:31

HP:   0/57 (58)     AC: 19    Str: 15    XL:     8   Next: 92%
MP:   15/15         EV: 11    Int: 18    God:    Lugonu [****..]
Gold: 372           SH:  0    Dex: 12    Spells: 0 memorised, 7 levels left

rFire  . . .     SeeInvis .     h - +2 short sword (freeze)
rCold  . . .     Gourm    .     C - +5 ring mail of Objectivity {Int+4}
rNeg   . . .     Faith    .     (no shield)
rPois  +         Spirit   .     (helmet restricted)
rElec  .         Dismiss  .     w - +2 cloak {rPois}
rCorr  +         Reflect  .     (no gloves)
SustAt .         Harm     .     m - +0 pair of boots
MR     .....     Clarity  +     (no amulet)
Stlth  +.........               A - ring of resist corrosion
                                y - +5 ring of protection

@: drained, not resistant to hostile enchantments, very unstealthy
A: horns 2, talons 2, clarity, demonic guardian 1, poison resistance, spiny 1
a: Depart the Abyss, Bend Space, Banish, Corrupt, Renounce Religion


You were on level 7 of the Dungeon.
You worshipped Lugonu.
Lugonu was greatly pleased with you.
You were hungry.

You visited 1 branch of the dungeon, and saw 7 of its levels.
You visited the Abyss 1 time.

You collected 372 gold pieces.

Inventory:

Hand Weapons
 a - a +1 falchion
 h - a +2 short sword of freezing (weapon)
 i - a +1 quarterstaff of protection
Armour
 b - a +0 leather armour
 f - a +0 scale mail
 m - a +0 pair of boots (worn)
 u - a +0 ring mail of cold resistance
 w - a +2 cloak of poison resistance (worn)
 C - the +5 ring mail of Objectivity (worn) {Int+4}
   (You found it on level 6 of the Dungeon)

   It affects your intelligence (+4).
Magical Staves
 t - an uncursed staff of wizardry
Jewellery
 y - a +5 ring of protection (left hand)
 A - a ring of resist corrosion (right hand)
Scrolls
 d - 5 scrolls of teleportation {unknown}
 e - 8 scrolls of remove curse {unknown}
 g - 3 scrolls of identify {unknown}
 j - a scroll of immolation {unknown}
 x - a scroll of recharging {unknown}
 B - a scroll of amnesia {unknown}
Potions
 k - 2 potions of curing {unknown}
 l - a potion of mutation {unknown}
 n - 2 potions of brilliance {unknown}
 o - a potion of lignification {unknown}
 p - a potion of flight {unknown}
 q - 2 potions of haste {unknown}
 s - 2 potions of agility {unknown}
 v - a potion of ambrosia {unknown}
 z - a potion of cancellation {unknown}
 D - a potion of resistance {unknown}
 E - a potion of heal wounds {unknown}
Books
 F - a Grand Grimoire

   Spells                             Type                      Level
   a - Monstrous Menagerie            Summoning                    7
   b - Summon Greater Demon           Summoning                    7
   c - Malign Gateway                 Summoning/Translocation      7
   d - Summon Horrible Things         Summoning                    8
 G - a Young Poisoner's Handbook

   Spells                             Type                      Level
   a - Sting                          Conjuration/Poison           1
   b - Cure Poison                    Poison                       2
   c - Mephitic Cloud                 Conjuration/Poison/Air       3
   d - Olgreb's Toxic Radiance        Poison                       4
   e - Venom Bolt                     Conjuration/Poison           5
Comestibles
 c - 5 bread rations
 r - 2 meat rations
 H - a beef jerky


   Skills:
 + Level 3.4(2.4) Fighting
 * Level 6.9(5.8) Long Blades
 + Level 2.4(1.4) Armour
 + Level 4.3(3.2) Dodging
 * Level 9.5(8.3) Invocations


You had 7 spell levels left.
You didn't know any spells.

Dungeon Overview and Level Annotations

Branches:
Dungeon (7/15)             Temple (0/1) D:6

Altars:
Elyvilon
Makhleb
Nemelex Xobeh
Ru
Trog
Yredelemnul

Shops:
D:5 [   D:7 *

Annotations:
D:7 namelastname112's ghost, novice DrAM


Innate Abilities, Weirdness & Mutations

You have razor-sharp toenails.
A weak demonic guardian rushes to your aid.
You are partially covered in sharp spines.
You have a pair of horns on your head.
You possess an exceptional clarity of mind.
Your system is resistant to poisons.


Message History

Your crimson imp blinks!
Namelastname112's ghost breathes negative energy at you.
The bolt of negative energy hits you!
You feel drained.
A shadow imp comes into view.
You closely miss namelastname112's ghost.
Namelastname112's ghost hits you!
The shadow imp picks up a beetle and eats it.
Namelastname112's ghost breathes negative energy at you.
The bolt of negative energy hits you!
You feel drained.
* * * LOW HITPOINT WARNING * * *
Your crimson imp blinks!
You swap places.
Your iron imp closely misses namelastname112's ghost.
Namelastname112's ghost hits your iron imp!
Namelastname112's ghost hits your iron imp!
Your iron imp dies!
Your crimson imp blinks!
The shadow imp gestures at you. Pain shoots through your body!
You die...

###.##.##.....
#.....5....# .##
#W#.##§##.## .#.##
########.#.##.##.#
..#.###.)).)...W5......#
.....##.######.#.##.####
.....##(# #......#
.....)..# ###.#### #. #
.....#### #@# ##.##
.....# #.# #...# .#####
##.# #.>.# .# #..#####
#...# †#
#......#####>..#### .#
####.#.##.#...........
.# #.. ...
.....#............... .#
#........
.....##.#........... .#
#........
##.#.##.###.......##


You could see namelastname112's ghost and a shadow imp.

Vanquished Creatures
  The ghost of namelastname112 the Bolt Thrower, an amateur DrAM (D:3)
  2 sky beasts
  An ice beast (D:3)
  3 ogres
  A necrophage (D:6)
  A centaur (D:7)
  2 giant frogs (D:6)
  2 howler monkeys
  A centaur skeleton (D:5)
  2 orc priests
  Crazy Yiuf (D:4)
  A giant frog skeleton (D:6)
  A jelly (D:5)
  A gnoll shaman (D:7)
  2 iguanas
  5 orc wizards
  5 worker ants
  A killer bee zombie (D:7)
  A hound zombie (D:6)
  A howler monkey zombie (D:5)
  3 gnolls (D:7)
  9 adders
  A shadow imp (D:6)
  2 oozes
  An adder zombie (D:5)
  4 worms
  A dart slug (D:1)
  2 giant geckos
  13 orcs
  4 bats
  5 giant cockroaches
  9 goblins
  5 hobgoblins
  10 jackals
  A quokka (D:5)
  3 ball pythons
  A giant gecko zombie (D:5)
  A giant newt (D:1)
  7 kobolds
  A quokka skeleton (D:5)
  4 rats
122 creatures vanquished.

Vanquished Creatures (collateral kills)
  An ice beast (D:6)
  An ogre (D:6)
  An orc wizard (D:7)
  A killer bee zombie (D:6)
  A gnoll (D:7)
  An orc (D:7)
6 creatures vanquished.

Grand Total: 128 creatures vanquished

Notes
Turn   | Place    | Note
--------------------------------------------------------------
     0 | Abyss:1  | epen the Demonspawn Abyssal Knight began the quest for the Orb.
     0 | Abyss:1  | Reached XP level 1. HP: 18/18 MP: 2/2
    57 | Abyss:1  | Noticed a sixfirhy
    61 | D:1      | Escaped the Abyss
   221 | D:1      | Reached skill level 1 in Dodging
   258 | D:1      | Reached * piety under Lugonu
   258 | D:1      | Reached skill level 3 in Invocations
   305 | D:1      | Gained mutation: You are partially covered in sharp spines. [demonic ancestry]
   305 | D:1      | Reached XP level 2. HP: 16/24 MP: 4/4
   777 | D:2      | Reached XP level 3. HP: 28/29 MP: 5/5
  1071 | D:2      | Reached skill level 4 in Invocations
  1174 | D:2      | Reached ** piety under Lugonu
  1252 | D:2      | Found a sacrificial altar of Ru.
  1308 | D:2      | Found a burning altar of Makhleb.
  1523 | D:2      | Found a basalt altar of Yredelemnul.
  1721 | D:3      | Reached XP level 4. HP: 35/35 MP: 7/7
  1784 | D:3      | Noticed namelastname112's ghost (amateur DrAM)
  1940 | D:3      | Noticed an ice beast
  1960 | D:3      | Killed an ice beast
  1960 | D:3      | Reached skill level 5 in Invocations
  1960 | D:3      | Gained mutation: You have sharp toenails. [demonic ancestry]
  1960 | D:3      | Reached XP level 5. HP: 27/41 MP: 8/8
  2673 | D:4      | Gained mutation: You have razor-sharp toenails. [demonic ancestry]
  2673 | D:4      | Reached XP level 6. HP: 35/47 MP: 10/10
  2764 | D:4      | Reached skill level 6 in Invocations
  2831 | D:4      | Found a white marble altar of Elyvilon.
  3200 | D:4      | Noticed Crazy Yiuf
  3211 | D:4      | Killed Crazy Yiuf
  3390 | D:4      | Gained mutation: A weak demonic guardian rushes to your aid. [demonic ancestry]
  3390 | D:4      | Reached XP level 7. HP: 52/52 MP: 10/12
  3447 | D:4      | Reached *** piety under Lugonu
  3510 | D:3      | Killed namelastname112's ghost
  3510 | D:3      | Reached skill level 7 in Invocations
  3630 | D:5      | Entered Level 5 of the Dungeon
  3673 | D:5      | Reached skill level 5 in Long Blades
  3843 | D:5      | Found a sparkling altar of Nemelex Xobeh.
  4010 | D:5      | Found a bloodstained altar of Trog.
  4147 | D:5      | Found Faemotoh's Antique Armour Emporium.
  4521 | D:6      | Reached skill level 8 in Invocations
  4521 | D:6      | Reached XP level 8. HP: 54/57 MP: 12/14
  4687 | D:6      | Got a jewelled ring mail
  4700 | D:6      | Identified the +5 ring mail of Objectivity {Int+4} (You found it on level 6 of the Dungeon)
  5173 | D:6      | Reached skill level 9 in Invocations
  5227 | D:6      | Gained mutation: Your system is resistant to poisons. [mutagenic meat]
  5228 | D:6      | Gained mutation: You possess an exceptional clarity of mind. [mutagenic meat]
  5229 | D:6      | Gained mutation: You have a pair of small horns on your head. [mutagenic meat]
  5230 | D:6      | Gained mutation: You have a pair of horns on your head. [mutagenic meat]
  5242 | D:6      | Found a staircase to the Ecumenical Temple.
  5638 | D:7      | Found Dugyex's Assorted Antiques.
  5657 | D:7      | Reached **** piety under Lugonu
  5800 | D:7      | Noticed namelastname112's ghost (novice DrAM)
  5820 | D:7      | Killed from afar by a shadow imp

Vault maps used:
D:1:      scummos_arrival_forest, lexackson_kobold_supper
D:2:      marbit_many_paths, bloody_makhleb, lemuel_statue_altar
D:4:      elyvilon_altar_1, uniq_crazy_yiuf_cottage
D:5:      kennysheep_mini_moat, serial_shops, kennysheep_little_box,
          first_bread, nemelex_xobeh_ov_fountains_minmay
D:6:      minmay_temple_entry_hall, minmay_misc_feat_roman
D:7:      serial_shops, shop, gammafunk_pakellas_spire_experiment

Skill      XL: |  1  2  3  4  5  6  7  8 |
---------------+-------------------------+-----
Dodging        | 1 2 3 4 |  4.3
Invocations    | 3 4 5 6 8 9 |  9.5
Long Blades    | 2 3 4 5 6 |  6.9
Armour         | 2 |  2.4
Fighting       | |  3.4

Action                   |  1- 3 |  4- 6 |  7- 9 || total
-------------------------+-------+-------+-------++-------
Melee: Falchion          |    40 |       |       ||    40
       Short sword       |    30 |    87 |   185 ||   302
       Headbutt          |       |       |     9 ||     9
Invok: Depart the Abyss  |     1 |       |       ||     1
       Banish            |       |       |     1 ||     1
  Eat: Chunk             |     3 |     5 |     6 ||    14
       Meat ration       |       |       |     1 ||     1
Armor: Leather armour    |     6 |       |       ||     6
       Scale mail        |    11 |    25 |    26 ||    62
       Ring mail         |       |       |    30 ||    30
Dodge: Dodged            |    28 |    36 |    59 ||   123
